 Dungeon Crawl Stone Soup version 0.21.0-3-g78d12a8 (webtiles) character file.

2729 pstr the Digger (level 9, -8/73 HPs)
             Began as a Naga Earth Elementalist on Jan 17, 2018.
             Was a Priest of Nemelex Xobeh.
             Mangled by an orc knight
             ... wielding a +0 trident
              (17 damage)
             ... in a bailey.
             The game lasted 00:26:04 (8569 turns).

pstr the Digger (Naga Earth Elementalist)           Turns: 8569, Time: 00:26:05

Health: -8/73      AC:  7    Str: 14    XL:     9   Next: 67%
Magic:  13/19      EV: 10    Int: 19    God:    Nemelex Xobeh [***...]
Gold:   212        SH:  0    Dex: 12    Spells: 13/22 levels left

rFire    + . .     SeeInvis +   r - +3 quarterstaff (chaos)
rCold    . . .     Gourm    .   (shield currently unavailable)
rNeg     . . .     Faith    +   l - +0 leather armour
rPois    +         Spirit   .   (no helmet)
rElec    .         Reflect  .   b - +1 cloak
rCorr    .         Harm     .   (no gloves)
MR       +....                  (no barding)
Stlth    +++.......             h - amulet of faith
HPRegen  0.22/turn              F - ring of protection from fire
MPRegen  0.16/turn              s - +4 ring of strength

@: very slow
A: large, see invisible, deformed body, poison resistance, slowness 2, slow
metabolism 1, spit poison 1, AC +3
a: Spit Poison, Triple Draw, Renounce Religion


You were in a bailey.
You worshipped Nemelex Xobeh.
Nemelex Xobeh was most pleased with you.
You were not hungry.

You visited 1 branch of the dungeon, and saw 7 of its levels.
You also visited: Bailey.

You collected 212 gold pieces.

Inventory:

Hand Weapons
 o - a +0 club
 r - a +3 quarterstaff of chaos (weapon)
 y - a +0 falchion
Missiles
 f - 47 stones (quivered)
Armour
 b - a +1 cloak (worn)
 c - a +0 robe
 l - a +0 leather armour (worn)
 x - a +0 cloak
Magical Staves
 i - an uncursed staff of death
Jewellery
 h - an amulet of faith (around neck)
 m - an uncursed ring of poison resistance
 s - a +4 ring of strength (right hand)
 w - a cursed amulet of inaccuracy {unknown}
 F - a ring of protection from fire (left hand)
Wands
 t - a wand of random effects (44)
 v - a wand of acid (10)
 z - a wand of flame (51)
Scrolls
 a - 2 scrolls of identify
 g - 3 scrolls of remove curse
 n - 2 scrolls of amnesia
 A - a scroll of fog
 B - a scroll of silence
 D - a scroll of noise {unknown}
 H - a scroll of enchant weapon {unknown}
Potions
 k - a potion of cancellation
 u - a potion of flight {unknown}
Books
 e - a book of Geomancy

   Spells                             Type                      Level
   a - Sandblast                      Earth                        1
   b - Passwall                       Transmutation/Earth          2
   c - Stone Arrow                    Conjuration/Earth            3
   d - Petrify                        Transmutation/Earth          4
   e - Lee's Rapid Deconstruction     Earth                        5
Miscellaneous
 j - an ornate deck of escape
 p - a plain deck of summoning {drawn: 5}
 q - a legendary deck of destruction
 C - a plain deck of summoning
 E - a plain deck of summoning
Comestibles
 d - 12 rations
 G - 2 chunks of flesh


   Skills:
 + Level 2.0 Fighting
 + Level 1.9 Staves
 + Level 3.0 Armour
 + Level 2.5 Dodging
 + Level 5.1 Stealth
 + Level 7.2 Spellcasting
 + Level 4.5 Conjurations
   Level 1.0 Transmutations
 + Level 7.3 Earth Magic
 + Level 1.1 Invocations


You had 13 spell levels left.
You knew the following spells:

 Your Spells              Type           Power        Failure   Level  Hunger
a - Sandblast             Erth           ####..       1%          1    None
b - Stone Arrow           Conj/Erth      ####..       3%          3    #......
c - Lee's Rapid Deconstr  Erth           ####......   16%         5    #####..


Dungeon Overview and Level Annotations

Branches:
Dungeon (7/15)             Temple (0/1) D:5

Altars:
Fedhas
Gozag
Kikubaaqudgha
Nemelex Xobeh
Qazlal
Ru
Sif Muna
Wu Jian
Zin

Shops:
D:6 =*


Innate Abilities, Weirdness & Mutations

You cannot wear boots.
Your serpentine skin is tough. (AC +3)
You have supernaturally acute eyesight. (SInv)
Armour fits poorly on your strangely shaped body.
Your system is resistant to poisons. (rPois)
You cover ground very slowly.
You have a slow metabolism.
You can spit poison.


Message History

The stone arrow hits the orc knight.
The orc knight is moderately wounded.
The orc warrior shoots a bolt.
The bolt barely misses you. The orc warrior barely misses you.
The orc knight hits you from afar with a trident.
Casting: Stone Arrow
Confirm with . or Enter, or press ? or * to list all spells.
Aiming: Stone Arrow
Press: ? - help, Shift-Dir - straight line, f/p - orc knight
Aim: an orc knight, wielding a trident and wearing a scale mail (moderately wounded, poisoned)
The stone arrow hits the orc knight.
The orc knight is moderately wounded.
You have got your breath back.
The orc warrior hits you from afar with a halberd!
The orc knight hits you from afar with a trident.
The orc warrior shoots a bolt.
The bolt hits you!
* * * LOW HITPOINT WARNING * * *
The orc knight hits you from afar with a trident!
You die...
Your body glows with a rainbow of weird colours and disappears.

###
#########∩#########
##.....##...##.....##
#..≈≈≈..#...#..≈≈≈..#
#.≈≈.≈≈......)≈≈o≈≈.#
+.≈.∩)≈....(..≈oo.≈.+
#.≈≈)≈≈).....@≈≈o≈≈.#
#..≈≈≈..#(..#.(≈≈≈..#
##.....##.∩.##.....##
#########∩#########
###


You could see an orc knight and 3 orc warriors.

Vanquished Creatures
  Edmund (D:4)
  A water moccasin (D:6)
  2 sky beasts
  A necrophage (D:6)
  3 ogres
  A scorpion (D:5)
  7 wights (D:6)
  3 electric eels (D:5)
  A crimson imp (D:6)
  2 hounds
  2 jellies (D:7)
  Crazy Yiuf (D:3)
  3 bullfrog skeletons
  An orc priest (D:3)
  8 orc wizards
  A centaur skeleton (D:7)
  Jessica (D:3)
  An iguana (D:6)
  2 worker ants
  A hound skeleton (D:4)
  10 adders
  2 shadow imps
  3 oozes
  2 adder zombies
  5 worms
  A dart slug (D:1)
  3 leopard geckos
  26 orcs
  3 giant cockroaches
  17 goblins
  4 hobgoblins
  4 jackals (D:1)
  6 kobolds
  A quokka (D:6)
  A ball python (D:1)
  5 bats
  7 frilled lizards
  A quokka skeleton (D:6)
  8 rats
  A fungus (D:3)
153 creatures vanquished.

Vanquished Creatures (collateral kills)
  Joseph (D:7)
  2 orc warriors (Bailey)
  An ogre (D:7)
  A bullfrog (D:7)
  A wight (D:6)
  A jelly (D:7)
  A centaur skeleton (D:6)
  5 orcs
  A giant cockroach (D:7)
  A quokka (D:7)
  A giant cockroach zombie (D:6)
16 creatures vanquished.

Vanquished Creatures (others)
  An ogre (D:6)
  A bullfrog (D:6)
  A withered plant (D:6)
3 creatures vanquished.

Grand Total: 172 creatures vanquished

Notes
Turn   | Place    | Note
-------+----------+-------------------------------------------
     0 | D:1      | pstr the Naga Earth Elementalist began the quest for the Orb.
     0 | D:1      | Reached XP level 1. HP: 15/15 MP: 3/3
   159 | D:1      | Reached XP level 2. HP: 22/22 MP: 3/5
   707 | D:1      | Reached XP level 3. HP: 28/28 MP: 3/6
   983 | D:1      | Learned a level 3 spell: Stone Arrow
  1448 | D:2      | Reached XP level 4. HP: 33/36 MP: 1/8
  1808 | D:2      | Found a sparkling altar of Nemelex Xobeh.
  1818 | D:2      | Became a worshipper of Nemelex Xobeh the Trickster
  1905 | D:2      | Received a gift from Nemelex Xobeh
  1938 | D:2      | Found a deep blue altar of Sif Muna.
  2151 | D:2      | Found a sacrificial altar of Ru.
  2534 | D:3      | Received a gift from Nemelex Xobeh
  2542 | D:3      | Reached skill level 1 in Conjurations
  2626 | D:3      | Reached XP level 5. HP: 25/42 MP: 0/10
  2936 | D:3      | Noticed Jessica
  3018 | D:3      | Killed Jessica
  3259 | D:3      | Reached * piety under Nemelex Xobeh
  3259 | D:3      | Received a gift from Nemelex Xobeh
  3366 | D:3      | Found an ornate altar of the Wu Jian Council.
  3496 | D:3      | Found a runed door.
  3511 | D:3      | Noticed Crazy Yiuf
  3524 | D:3      | Killed Crazy Yiuf
  3524 | D:3      | Reached XP level 6. HP: 15/49 MP: 0/11
  3740 | D:4      | Noticed a fire elemental
  3742 | D:4      | Found a stormy altar of Qazlal.
  3743 | D:4      | Noticed a water elemental
  3743 | D:4      | Noticed an air elemental
  3819 | D:5      | Entered Level 5 of the Dungeon
  3819 | D:5      | Found a transporter.
  3973 | D:4      | Reached XP level 7. HP: 3/56 MP: 0/13
  4232 | D:4      | Reached skill level 5 in Earth Magic
  4840 | D:4      | Noticed Edmund
  4850 | D:4      | Killed Edmund
  4850 | D:4      | Reached skill level 1 in Fighting
  4850 | D:4      | Reached skill level 5 in Spellcasting
  5133 | D:4      | Learned a level 5 spell: Lee's Rapid Deconstruction
  5436 | D:5      | Found a transporter.
  5699 | D:5      | Reached XP level 8. HP: 43/64 MP: 5/15
  5909 | D:5      | Reached skill level 1 in Staves
  6126 | D:5      | Reached skill level 1 in Armour
  6244 | D:5      | Found a staircase to the Ecumenical Temple.
  6246 | D:5      | Reached ** piety under Nemelex Xobeh
  6251 | D:5      | Received a gift from Nemelex Xobeh
  6459 | D:5      | Found a blossoming altar of Fedhas.
  6976 | D:6      | Reached skill level 5 in Stealth
  7203 | D:6      | Found an ancient bone altar of Kikubaaqudgha.
  7277 | D:6      | Noticed an angel
  7279 | D:6      | Found a glowing silver altar of Zin.
  7281 | D:6      | Found Nietuq's Hallowed Reliquary.
  7327 | D:6      | Reached XP level 9. HP: 63/70 MP: 10/18
  7454 | D:6      | Found Ajysiupp's Jewellery Shop.
  7462 | D:6      | Received a gift from Nemelex Xobeh
  8174 | D:7      | Noticed Joseph
  8188 | D:7      | Killed Joseph
  8188 | D:7      | Reached skill level 1 in Invocations
  8318 | D:7      | Found an opulent altar of Gozag.
  8349 | D:7      | Reached *** piety under Nemelex Xobeh
  8364 | D:7      | Received a gift from Nemelex Xobeh
  8398 | D:7      | Found a flagged portal.
  8422 | Bailey   | Entered a bailey
  8422 | Bailey   | Noticed an orc knight
  8569 | Bailey   | Mangled by an orc knight

Skill      XL: |  1  2  3  4  5  6  7  8  9 |
---------------+----------------------------+-----
Spellcasting   | 3 4 5 6 7 |  7.2
Earth Magic    | 4 5 6 7 |  7.3
Conjurations   | 1 2 3 4 |  4.5
Dodging        | 2 |  2.5
Stealth        | 4 5 |  5.1
Fighting       | 1 2 |  2.0
Staves         | 1 |  1.9
Armour         | 2 3 |  3.0
Invocations    | 1 |  1.1
Transmutations | |  1.0

Action                   |  1- 3 |  4- 6 |  7- 9 || total
-------------------------+-------+-------+-------++-------
Melee: Unarmed           |     1 |     1 |       ||     2
       Club              |       |    17 |       ||    17
       Quarterstaff      |       |     5 |    14 ||    19
Throw: Stone             |       |       |     1 ||     1
 Cast: Sandblast         |    32 |    19 |    29 ||    80
       Stone Arrow       |    10 |    46 |    96 ||   152
       Lee's Rapid Decon |       |       |     2 ||     2
 Abil: Spit Poison       |     3 |    21 |    35 ||    59
Evoke: Deck              |       |       |    12 ||    12
  Use: Potion            |       |     3 |     2 ||     5
       Scroll            |       |       |     5 ||     5
  Eat: Chunk             |     2 |     8 |    17 ||    27
       Ration            |       |     1 |     1 ||     2
Armor: Robe              |     3 |    12 |     4 ||    19
       Leather armour    |       |       |    24 ||    24
Dodge: Dodged            |     9 |    31 |    61 ||   101
